 Dungeon Crawl Stone Soup version 0.29.1-15-g9cfb28693d (webtiles) character file.

Game seed: 12537747770377504360

165 croobank the Shooter (level 5, -1/42 HPs)
             Began as a Barachi Hunter on Feb 24, 2023.
             Was an Initiate of Ru.
             Killed by an exploding Pikel (27 damage)
             ... ignited by their inner flame
             ... on level 4 of the Dungeon.
             The game lasted 00:07:15 (3014 turns).

croobank the Shooter (Barachi Hunter)               Turns: 3014, Time: 00:07:16

Health: -1/42      AC:  5    Str: 12    XL:     5   Next: 46%
Magic:  5/5        EV: 13    Int: 10    God:    Ru [......]
Gold:   347        SH:  0    Dex: 17    Spells: 4/4 levels left

rFire   x . .      SeeInvis .   a - +0 shortbow
rCold   + . .      Faith    .   (shield currently unavailable)
rNeg    . . .      Spirit   .   c - +0 leather armour
rPois   +          Reflect  .   s - +1 hat
rElec   .          Harm     .   m - +0 cloak
rCorr   .          Rampage  .   (no gloves)
Will    .....                   (no boots)
Stlth   ++........              (no amulet)
HPRegen 0.14/turn               g - ring of ice
MPRegen 0.09/turn               k - ring of poison resistance

@: slow
A: amphibious, slowness 1, strong legs 1, +LOS
a: Hop, Renounce Religion


You were on level 4 of the Dungeon.
You worshipped Ru.
Ru was noncommittal.
You visited 1 branch of the dungeon, and saw 4 of its levels.

You collected 347 gold pieces.

Inventory:

Hand Weapons
 a - a +0 shortbow (weapon)
 d - a +0 whip
 i - a +0 dagger
 l - a +0 rapier
 r - a +1 whip of flaming
 w - a +0 whip of electrocution
Armour
 c - a +0 leather armour (worn)
 m - a +0 cloak (worn)
 s - a +1 hat (worn)
Jewellery
 g - a ring of ice (left hand)
 k - a ring of poison resistance (right hand)
Scrolls
 b - 2 scrolls of immolation
 e - 2 scrolls of fog {unknown}
 h - a scroll of teleportation {unknown}
 p - 2 scrolls of identify {unknown}
 q - a scroll of blinking {unknown}
 u - 4 scrolls of magic mapping {unknown}
Potions
 f - a potion of heal wounds {unknown}
 j - 2 potions of degeneration {unknown}
 n - a potion of brilliance {unknown}
 o - 2 potions of attraction {unknown}
 t - a potion of might {unknown}
 v - a potion of berserk rage {unknown}
 x - a potion of haste {unknown}


   Skills:
 + Level 4.0 Fighting
 + Level 4.7 Ranged Weapons
 + Level 1.4 Armour
 + Level 3.4 Dodging
 - Level 2.1 Stealth


You had 4 spell levels left.
You didn't know any spells.
Your spell library contained the following spells:

 Spells                   Type           Power      Damage    Failure   Level
 Magic Dart               Conj           0%         1d3       43%         1
 Call Imp                 Summ           0%         N/A       58%         2
 Searing Ray              Conj           0%         2d4       58%         2
 Mephitic Cloud           Conj/Pois/Air  0%         N/A       82%         3
 Fulminant Prism          Conj/Hex       0%         3d6       99%         4


Dungeon Overview and Level Annotations

Branches:
Dungeon (4/15)
 Temple: D:4-7

Altars:
Ru
Sif Muna

Annotations:
D:4 Dowan, Duvessa


Innate Abilities, Weirdness & Mutations

You are amphibious.
You cover ground slowly.
You can hop short distances.
You have an extended range of vision and can be seen from far away.


Message History

The ball python closely misses you. The ball python grabs you.
The ball python constricts you.
The ball python bites you but does no damage.
The ball python constricts you.
You shoot an arrow. The arrow hits the ball python.
You kill the ball python!
No target in view!
No target in view!
Found a stone staircase leading up.
There is a stone staircase leading up here.
Pikel, Merchant of Souls comes into view.
He is wielding a +2 whip of electrocution.
You shoot an arrow.
Pikel shouts!
The arrow hits Pikel but does no damage.
You shoot an arrow. The arrow closely misses Pikel.
You shoot an arrow.
The arrow hits Pikel but does no damage.
Really read the scroll of immolation?
As you read the scroll of immolation, it crumbles to dust.
The creatures around you are filled with an inner flame!
Pikel says, "You'll rot in Tartarus!"
You shoot an arrow. The arrow hits Pikel.
Flame seeps out of Pikel.
Pikel is lightly wounded.
Pikel is engulfed in blazing flames.
Flame seeps out of Pikel.
A lemure comes into view.
You shoot an arrow. The arrow closely misses Pikel.
The lemure shouts!
The arrow hits the lemure.
The lemure is lightly wounded.
You shoot an arrow. The arrow hits Pikel.
Flame seeps out of Pikel.
Pikel is heavily wounded.
Pikel is engulfed in blazing flames.
Flame seeps out of Pikel.
Pikel hits you with a +2 whip of electrocution.
You are electrocuted!
Pikel is engulfed in blazing flames.
With Pikel's spell broken, his former minion thanks you for its freedom.
The lemure departs this earthly plane.
Pikel explodes!
The fiery explosion engulfs you!! The fire burns you terribly!
Ouch! That really hurt!
You die...

#.# #.#
#§# #.#
#.# #°#
...#####§#
.......§○#
#§@###
#....#
#.##.# #.
#.# #. #.#
#.
#.########
#.
#........#
#.
########.#
#.# .. #.#


There were no monsters in sight!

Vanquished Creatures
  Pikel (D:4)
  A jelly (D:4)
  4 adders
  An ufetubus (D:4)
  3 worms
  2 dart slugs
  5 orcs
  4 endoplasms
  3 giant cockroaches
  9 goblins
  8 hobgoblins
  4 jackals (D:3)
  6 kobolds
  A quokka (D:2)
  8 ball pythons
  8 bats
  4 frilled lizards
  4 rats (D:1)
76 creatures vanquished.

Vanquished Creatures (others)
  5 fungi (D:1)
  2 plants (D:3)
  3 toadstools (D:1)
10 creatures vanquished.

Grand Total: 86 creatures vanquished

Notes
Turn   | Place    | Note
-------+----------+-------------------------------------------
     0 | D:1      | croobank the Barachi Hunter began the quest for the Orb.
     0 | D:1      | Reached XP level 1. HP: 17/17 MP: 1/1
    18 | D:1      | Reached skill level 1 in Stealth
   254 | D:1      | Reached XP level 2. HP: 23/23 MP: 2/2
   880 | D:2      | Reached XP level 3. HP: 28/28 MP: 3/3
   891 | D:2      | Found a shimmering blue altar of Sif Muna.
  1376 | D:2      | Reached XP level 4. HP: 35/35 MP: 4/4
  2226 | D:3      | Found a sacrificial altar of Ru.
  2242 | D:3      | Became a worshipper of Ru the Awakened
  2540 | D:3      | Reached XP level 5. HP: 42/42 MP: 5/5
  2613 | D:4      | Reached skill level 1 in Armour
  2660 | D:4      | Noticed Duvessa
  2666 | D:4      | Noticed Dowan
  3007 | D:4      | Noticed Pikel
  3012 | D:4      | Noticed a lemure
  3014 | D:4      | Killed Pikel
  3014 | D:4      | Killed by an exploding Pikel... ignited by their inner
                  | flame

Illustrated notes

Levels and vault maps discovered:
D:1:      lemuel_arrival_broad_hall, layout_loops_cross,
          minmay_gold_behind_fungi
D:2:      layout_loops_ring, basic_altar, amcnicky_mini_pool_small
D:3:      layout_rooms, nicolae_ru_great_annihilating_truth, saegor_snake_ambush
D:4:      layout_loops_ring, nicolae_kite_square_tiling_tiny, uniq_robin,
          uniq_pikel, uniq_ijyb, uniq_eustachio, uniq_duvessa

Skill      XL: |  1  2  3  4  5 |
---------------+----------------+-----
Stealth        | 1 2 |  2.1
Fighting       | 3 4 |  4.0
Dodging        | 3 |  3.4
Armour         | 1 |  1.4
Ranged Weapons | |  4.7

Action                   |  1- 3 |  4- 6 || total
-------------------------+-------+-------++-------
 Fire: Shortbow          |   113 |   129 ||   242
Throw: Throwing net      |       |     1 ||     1
 Abil: Hop               |     1 |     1 ||     2
  Use: Scroll            |       |     1 ||     1
Armor: Leather armour    |    27 |    20 ||    47
Dodge: Dodged            |    39 |    43 ||    82
